EVO
UCLA BRUINS @ RICE UNIVERSITY OWLS
12/01/2047
 
TOP OF THE 1ST
UCLA Bruins batting - Pitching for Rice University Owls : RHP Daniel Bushby
Pitching: RHP Daniel Bushby
Batting: LHB Luis Ortegon 0-0: Ball
1-0: Ball
2-0: Foul Ball, location: 2F
2-1: Called Strike
2-2: Ball
3-2: SINGLE (Flyball, 5D, EV 100.6 MPH)
Batting: LHB Mark Cummings 0-0: Ball
1-0: Ball
2-0: Called Strike
2-1: Ball
3-1: Base on Balls
Luis Ortegon to second
Batting: RHB Andy Knerr 0-0: Ball
1-0: Ball
2-0: Ball
3-0: Called Strike
3-1: Base on Balls
Luis Ortegon to third
Mark Cummings to second
Batting: LHB Scott Mullett 0-0: Ball
1-0: Called Strike
1-1: Ball
2-1: Called Strike
2-2: Fly out, F9 (Flyball, 9S, EV 81.9 MPH)
Runner from 3rd tags up, SCORES, throw by RF
Mark Cummings to third
Batting: SHB Mike Beck 0-0: Ball
1-0: Ball
2-0: SINGLE (Line Drive, 56D, EV 97.5 MPH)
Mark Cummings scores
Andy Knerr to second
Runner from 2nd tries for 3rd, SAFE, no throw by LF
Batting: RHB Dave Spradley 0-0: Ball
1-0: Ball
2-0: Ball
3-0: Called Strike
3-1: Base on Balls
Mike Beck to second
Batting: RHB Alejandro Patron 0-0: Ball
1-0: Ball
2-0: Called Strike
2-1: Grounds into double play, 6-4-3 (Groundball, 56, EV 104.4 MPH)
Top of the 1st over - 2 runs, 2 hits, 0 errors, 2 left on base; UCLA 2 - Rice University 0
BOTTOM OF THE 1ST
Rice University Owls batting - Pitching for UCLA Bruins : LHP Brad Victor
Pitching: LHP Brad Victor
Batting: RHB Caleb Mercer 0-0: Hit by Pitch
Batting: RHB Javier Quinones 0-0: Ball
Caleb Mercer steals 2nd base
1-0: Ball
2-0: Foul Ball, location: 2F
2-1: Ball
3-1: Fly out, F9 (Flyball, 9LD, EV 102.5 MPH)
Runner from 2nd tags up, SAFE at 3rd, no throw by RF
Batting: RHB Jose Soto 0-0: Ball
1-0: Foul Ball, location: 2F
1-1: Ball
2-1: Swinging Strike
2-2: Ball
3-2: Fly out, F8 (Flyball, 8RS, EV 78.1 MPH)
Runner from 3rd tags up, OUT at HOME! 8-2
Bottom of the 1st over - 0 runs, 0 hits, 0 errors, 0 left on base; UCLA 2 - Rice University 0
TOP OF THE 2ND
UCLA Bruins batting - Pitching for Rice University Owls : RHP Daniel Bushby
Batting: RHB Michael Alvarado 0-0: Ball
1-0: Swinging Strike
1-1: Foul Ball, location: 2F
1-2: SINGLE (Groundball, 56D, EV 105.0 MPH)
Batting: RHB Ken Hillman 0-0: Called Strike
0-1: Ball
1-1: Fielders Choice at 2nd, 5-4 (Groundball, 56, EV 82.5 MPH)
Batting: LHB Luis Ortegon 0-0: Foul Ball, location: 2F
0-1: Ball
Ken Hillman steals 2nd base
1-1: Swinging Strike
1-2: Foul Ball, location: 2F
1-2: Strikes out swinging
Batting: LHB Mark Cummings 0-0: Fly out, F9 (Flyball, 9S, EV 83.8 MPH)
Top of the 2nd over - 0 runs, 1 hit, 0 errors, 1 left on base; UCLA 2 - Rice University 0
BOTTOM OF THE 2ND
Rice University Owls batting - Pitching for UCLA Bruins : LHP Brad Victor
Batting: SHB Ken Wilson 0-0: Ball
1-0: Called Strike
1-1: Ball
2-1: Called Strike
2-2: Ball
3-2: SINGLE (Groundball, 25, EV 75.0 MPH) (infield hit)
Batting: SHB Wendel van Baal 0-0: Ball
1-0: Ball
2-0: Fly out, F7 (Flyball, 7, EV 76.2 MPH)
Batting: LHB Chris Gonzales 0-0: Ball
1-0: Ball
2-0: Foul Ball, location: 2F
2-1: Foul Ball, location: 2F
2-2: Ball
3-2: DOUBLE (Line Drive, 78D, EV 106.2 MPH)
Ken Wilson to third
Batting: RHB Allen Jarvis 0-0: Ball
1-0: SINGLE (Groundball, 56S, EV 95.0 MPH)
Ken Wilson scores
Chris Gonzales to third
Runner from 3rd tries for Home, SAFE, throw by LF to home
Batting: RHB Emanuel Pulido 0-0: Called Strike
0-1: Ball
1-1: Grounds into double play, 4-6-3 (Groundball, 34D, EV 105.6 MPH)
Bottom of the 2nd over - 2 runs, 3 hits, 0 errors, 0 left on base; UCLA 2 - Rice University 2
TOP OF THE 3RD
UCLA Bruins batting - Pitching for Rice University Owls : RHP Daniel Bushby
Batting: RHB Andy Knerr 0-0: Called Strike
0-1: Ball
1-1: Ball
2-1: Ball
3-1: Foul Ball, location: 2F
3-2: Base on Balls
Batting: LHB Scott Mullett 0-0: Called Strike
0-1: Fly out, F7 (Flyball, 7LSF, EV 76.2 MPH)
Batting: SHB Mike Beck 0-0: Foul Ball, location: 2F
0-1: Ball
1-1: SINGLE (Groundball, 6M, EV 94.4 MPH)
Andy Knerr to second
Batting: RHB Dave Spradley 0-0: Fly out, F7 (Flyball, 78M, EV 73.8 MPH)
Batting: RHB Alejandro Patron 0-0: Fielders Choice at 2nd, 5-4 (Groundball, 56, EV 100.6 MPH)
Top of the 3rd over - 0 runs, 1 hit, 0 errors, 2 left on base; UCLA 2 - Rice University 2
BOTTOM OF THE 3RD
Rice University Owls batting - Pitching for UCLA Bruins : LHP Brad Victor
Batting: SHB Steve Wipf 0-0: SINGLE (Groundball, 6MD, EV 96.9 MPH)
Batting: RHB Caleb Mercer 0-0: Fly out, F8 (Line Drive, 8LM, EV 108.1 MPH)
Batting: RHB Javier Quinones 0-0: SINGLE (Line Drive, 34D, EV 98.1 MPH)
Steve Wipf to second
Batting: RHB Jose Soto 0-0: Called Strike
0-1: 3-RUN HOME RUN (Line Drive, 7LD, EV 98.8 MPH), Distance : 371 ft
Batting: SHB Ken Wilson 0-0: Ball
1-0: Ball
2-0: Ball
3-0: Base on Balls
Batting: SHB Wendel van Baal 0-0: Fly out, F9 (Flyball, 89M, EV 86.2 MPH)
Batting: LHB Chris Gonzales 0-0: Foul Ball, location: 2F
0-1: Ball
1-1: Ball
2-1: Ball
3-1: Base on Balls
Ken Wilson to second
Batting: RHB Allen Jarvis 0-0: Fly out, F8 (Flyball, 78M, EV 86.9 MPH)
Bottom of the 3rd over - 3 runs, 3 hits, 0 errors, 2 left on base; UCLA 2 - Rice University 5
TOP OF THE 4TH
UCLA Bruins batting - Pitching for Rice University Owls : RHP Daniel Bushby
Batting: RHB Michael Alvarado 0-0: Ball
1-0: Ball
2-0: Called Strike
2-1: Ground out 2-3 (Groundball, 2L, EV 75.0 MPH)
Batting: RHB Ken Hillman 0-0: Foul Ball, location: 2F
0-1: Ball
1-1: Foul Ball, location: 2F
1-2: Ball
2-2: Strikes out swinging
Batting: LHB Luis Ortegon 0-0: Called Strike
0-1: Ball
1-1: Called Strike
1-2: Ball
2-2: Ground out 4-3 (Groundball, 4M, EV 93.1 MPH)
Top of the 4th over - 0 runs, 0 hits, 0 errors, 0 left on base; UCLA 2 - Rice University 5
BOTTOM OF THE 4TH
Rice University Owls batting - Pitching for UCLA Bruins : LHP Brad Victor
Batting: RHB Emanuel Pulido 0-0: Called Strike
0-1: Ball
1-1: SOLO HOME RUN (Flyball, 78XD, EV 110.6 MPH), Distance : 432 ft
Batting: SHB Steve Wipf 0-0: Ball
1-0: Ball
2-0: Foul Ball, location: 2F
2-1: Called Strike
2-2: Fly out, F8 (Flyball, 78M, EV 90.6 MPH)
Batting: RHB Caleb Mercer 0-0: Ball
1-0: Ground out 5-3 (Groundball, 56, EV 104.4 MPH)
Batting: RHB Javier Quinones 0-0: Ground out 4-3 (Groundball, 4M, EV 98.1 MPH)
Bottom of the 4th over - 1 run, 1 hit, 0 errors, 0 left on base; UCLA 2 - Rice University 6
TOP OF THE 5TH
UCLA Bruins batting - Pitching for Rice University Owls : RHP Daniel Bushby
Batting: LHB Mark Cummings 0-0: Called Strike
0-1: SINGLE (Flyball, 8RS, EV 94.4 MPH)
Batting: RHB Andy Knerr 0-0: Ball
1-0: Swinging Strike
1-1: Ball
2-1: Called Strike
2-2: Fly out, F6 (Popup, 6MD, EV 68.8 MPH)
Pitching: RHP Antonio Ybarra
Batting: LHB Scott Mullett 0-0: Foul Ball, location: 2F
0-1: Foul Ball, location: 2F
0-2: Fly out, F7 (Flyball, 7LD, EV 98.1 MPH)
Batting: SHB Mike Beck 0-0: Foul Ball, location: 2F
0-1: Foul Ball, location: 2F
0-2: Strikes out looking
Top of the 5th over - 0 runs, 1 hit, 0 errors, 1 left on base; UCLA 2 - Rice University 6
BOTTOM OF THE 5TH
Rice University Owls batting - Pitching for UCLA Bruins : LHP Brad Victor
Batting: RHB Jose Soto 0-0: Ball
1-0: Called Strike
1-1: Ball
2-1: Fly out, F4 (Popup, 4MD, EV 68.8 MPH)
Batting: SHB Ken Wilson 0-0: Called Strike
0-1: Called Strike
0-2: Foul Ball, location: 2F
0-2: Ball
1-2: Foul Ball, location: 2F
1-2: Ball
2-2: Ball
3-2: Fly out, F8 (Line Drive, 78M, EV 92.5 MPH)
Batting: SHB Wendel van Baal 0-0: Ball
1-0: Foul Ball, location: 2F
1-1: SINGLE (Line Drive, 89M, EV 108.1 MPH)
Pitching: RHP Mark Crawford
Batting: LHB Chris Gonzales 0-0: Ball
1-0: Ball
2-0: Ball
3-0: Base on Balls
Wendel van Baal to second
Batting: RHB Allen Jarvis 0-0: Called Strike
0-1: Ball
1-1: Foul Ball, location: 2F
1-2: Foul Ball, location: 2F
1-2: Strikes out swinging
Bottom of the 5th over - 0 runs, 1 hit, 0 errors, 2 left on base; UCLA 2 - Rice University 6
TOP OF THE 6TH
UCLA Bruins batting - Pitching for Rice University Owls : RHP Antonio Ybarra
Batting: RHB Dave Spradley 0-0: Foul Ball, location: 2F
0-1: Ball
1-1: Foul Ball, location: 2F
1-2: Foul Ball, location: 2F
1-2: Strikes out swinging
Batting: RHB Alejandro Patron 0-0: Fly out, F9 (Line Drive, 9, EV 90.0 MPH)
Batting: RHB Michael Alvarado 0-0: Ball
1-0: Foul Ball, location: 2F
1-1: Ball
2-1: Ball
3-1: SINGLE (Line Drive, 56D, EV 97.5 MPH)
Batting: RHB Ken Hillman 0-0: Ball
1-0: Called Strike
1-1: Ball
2-1: Called Strike
2-2: Strikes out looking
Top of the 6th over - 0 runs, 1 hit, 0 errors, 1 left on base; UCLA 2 - Rice University 6
BOTTOM OF THE 6TH
Rice University Owls batting - Pitching for UCLA Bruins : RHP Mark Crawford
Batting: RHB Emanuel Pulido 0-0: Foul Ball, location: 2F
0-1: Fly out, F9 (Flyball, 9D, EV 96.2 MPH)
Batting: SHB Steve Wipf 0-0: Ball
1-0: Ball
2-0: Called Strike
2-1: Fly out, F7 (Flyball, 7D, EV 91.2 MPH)
Batting: RHB Caleb Mercer 0-0: Ball
1-0: Ground out 5-3 (Groundball, 56, EV 81.9 MPH)
Bottom of the 6th over - 0 runs, 0 hits, 0 errors, 0 left on base; UCLA 2 - Rice University 6
TOP OF THE 7TH
UCLA Bruins batting - Pitching for Rice University Owls : RHP Antonio Ybarra
Pitching: LHP Bill Cheatham
Batting: LHB Luis Ortegon 0-0: Ball
1-0: Called Strike
1-1: Ball
2-1: Foul Ball, location: 2F
2-2: Strikes out swinging
Batting: LHB Mark Cummings 0-0: Foul Ball, location: 2F
0-1: Fly out, F7 (Flyball, 7S, EV 89.4 MPH)
Batting: RHB Andy Knerr 0-0: Fly out, F9 (Flyball, 89M, EV 80.6 MPH)
Top of the 7th over - 0 runs, 0 hits, 0 errors, 0 left on base; UCLA 2 - Rice University 6
BOTTOM OF THE 7TH
Rice University Owls batting - Pitching for UCLA Bruins : RHP Mark Crawford
Pitching: RHP Luis de Jesus
Batting: RHB Javier Quinones 0-0: Swinging Strike
0-1: Swinging Strike
0-2: Ball
1-2: Ball
2-2: Strikes out looking
Batting: RHB Jose Soto 0-0: Ball
1-0: Ball
2-0: Fly out, F9 (Flyball, 89M, EV 81.9 MPH)
Batting: SHB Ken Wilson 0-0: Ball
1-0: Called Strike
1-1: SINGLE (Line Drive, 9LS, EV 90.6 MPH)
Batting: SHB Wendel van Baal 0-0: Called Strike
0-1: Fly out, F8 (Flyball, 8LXD, EV 98.1 MPH)
Bottom of the 7th over - 0 runs, 1 hit, 0 errors, 1 left on base; UCLA 2 - Rice University 6
TOP OF THE 8TH
UCLA Bruins batting - Pitching for Rice University Owls : LHP Bill Cheatham
Batting: LHB Scott Mullett 0-0: Ball
1-0: SINGLE (Line Drive, 7LS, EV 108.1 MPH)
Batting: SHB Mike Beck 0-0: Called Strike
0-1: Ball
1-1: SINGLE (Line Drive, 7LS, EV 88.1 MPH)
Scott Mullett to second
Batting: RHB Dave Spradley 0-0: Called Strike
0-1: Fly out, F7 (Flyball, 7D, EV 98.8 MPH)
Batting: RHB Alejandro Patron 0-0: SINGLE (Groundball, 15S, EV 74.4 MPH) (infield hit)
Scott Mullett to third
Mike Beck to second
Batting: RHB Michael Alvarado 0-0: Called Strike
0-1: Foul Ball, location: 2F
0-2: Foul Ball, location: 2F
0-2: Ball
1-2: Strikes out looking
Pinch Hitting: RHB Issac Konol 0-0: Fly out, F4 (Popup, 4S, EV 74.4 MPH)
Top of the 8th over - 0 runs, 3 hits, 0 errors, 3 left on base; UCLA 2 - Rice University 6
BOTTOM OF THE 8TH
Rice University Owls batting - Pitching for UCLA Bruins : RHP Luis de Jesus
Pitching: RHP Danny Dean
Now at SS: Dan Trainer
Batting: LHB Chris Gonzales 0-0: Ground out 4-3 (Groundball, 4, EV 103.1 MPH)
Batting: RHB Allen Jarvis 0-0: Called Strike
0-1: Swinging Strike
0-2: Ball
1-2: Foul Ball, location: 2F
1-2: Foul Ball, location: 2F
1-2: Ball
2-2: Strikes out swinging
Batting: RHB Emanuel Pulido 0-0: Ball
1-0: Ball
2-0: Foul Ball, location: 2F
2-1: Ball
3-1: Foul Ball, location: 2F
3-2: Strikes out swinging
Bottom of the 8th over - 0 runs, 0 hits, 0 errors, 0 left on base; UCLA 2 - Rice University 6
TOP OF THE 9TH
UCLA Bruins batting - Pitching for Rice University Owls : LHP Bill Cheatham
Pitching: RHP Nick Brooks
Batting: LHB Luis Ortegon 0-0: Ball
1-0: Called Strike
1-1: Ball
2-1: Foul Ball, location: 2F
2-2: SINGLE (Line Drive, 6D, EV 93.8 MPH)
Batting: LHB Mark Cummings 0-0: Ball
1-0: Ball
2-0: DOUBLE (Line Drive, 7LS, EV 101.2 MPH)
Luis Ortegon to third
Pitching: LHP Mitchell Carter
Batting: RHB Andy Knerr 0-0: Ball
1-0: Ball
2-0: Called Strike
2-1: Ball
3-1: Foul Ball, location: 2F
3-2: Foul Ball, location: 2F
3-2: Base on Balls
Pinch Hitting: SHB Sean Munns 0-0: Fly out, F4 (Popup, 4MD, EV 70.0 MPH)
Batting: SHB Mike Beck 0-0: Ball
1-0: Foul Ball, location: 2F
1-1: Grounds into double play, 5-4-3 (Groundball, 56, EV 83.1 MPH)
Top of the 9th over - 0 runs, 2 hits, 0 errors, 2 left on base; UCLA 2 - Rice University 6
Thursday, December 15th , 2022 - OOTP Baseball 23.9 Build 102